 Dungeon Crawl Stone Soup version 0.29-a0-284-gf9362112df (webtiles) character file.

Game seed: 11931982766125058111

24 sokol815 the Sneak (level 3, -2/24 HPs)
             Began as a Gargoyle Delver on Mar 25, 2022.
             Slain by a river rat (7 damage)
             ... on level 3 of the Dungeon.
             The game lasted 00:01:10 (371 turns).

sokol815 the Sneak (Gargoyle Delver)                 Turns: 371, Time: 00:01:10

Health: -2/24      AC:  6    Str: 15    XL:     3   Next: 2%
Magic:  3/3        EV: 11    Int: 12    God:
Gold:   26         SH:  0    Dex: 11    Spells: 2/2 levels left

rFire   . . .      SeeInvis .   a - +0 mace
rCold   . . .      Faith    .   (no shield)
rNeg    + . .      Spirit   .   b - +0 leather armour
rPois   ∞          Reflect  .   (no helmet)
rElec   +          Harm     .   (no cloak)
rCorr   .          Rampage  .   (no gloves)
Will    .....                   (no boots)
Stlth   +++.......              (no amulet)
HPRegen 0.08/turn               (no ring)
MPRegen 0.08/turn               (no ring)

@: hasted, very quick
A: sickness immunity, AC +3, negative energy resistance 1, electricity
resistance, torment resistance 1, petrification resistance
a: no special abilities


You were on level 3 of the Dungeon.
You visited 1 branch of the dungeon, and saw 3 of its levels.

You collected 26 gold pieces.

Inventory:

Hand Weapons
 a - a +0 mace (weapon)
Missiles
 s - 22 stones (quivered)
Armour
 b - a +0 leather armour (worn)
Wands
 d - a wand of digging (3)
Scrolls
 c - a scroll of fog
 E - a scroll of fear
 X - a scroll of magic mapping {@r4!r}
Potions
 H - 2 potions of haste


   Skills:
 * Level 4.1 Fighting
 + Level 2.5 Maces & Flails
 - Level 1.5 Dodging
 - Level 5.4 Stealth


You had 2 spell levels left.
You didn't know any spells.
Your spell library contained the following spells:

 Spells                   Type           Power      Damage    Failure   Level
 Beastly Appendage        Tmut           0%         N/A       38%         1
 Wereblood                Tmut           0%         N/A       52%         2
 Spider Form              Tmut/Pois      0%         N/A       77%         3


Dungeon Overview and Level Annotations

Branches:
Dungeon (5/15)
 Temple: D:4-7

Altars:
Ru
Vehumet


Innate Abilities, Weirdness & Mutations

You are immune to sickness and miasma.
Your stone body is resilient. (AC +3)
You are immune to poison.
You resist negative energy. (rN+)
You are resistant to electric shocks. (rElec)
You are resistant to unholy torment.
You are immune to petrification.


Message History

There is an open door here.
Things that are here:
a +0 dagger; a +0 short sword; a goblin corpse You start resting.
A giant cockroach comes into view.
You regained 11 hp, and now have 17/20 hp.
You close the door, pushing everything out of the way.
Things that are here:
a +0 short sword; a goblin corpse You start resting.
Health restored: 20 You open the door.
There is an open door here.
You see here a +0 dagger.
A giant cockroach is nearby!
You throw a stone.
The stone hits the giant cockroach but does no damage.
You throw a stone. The stone hits the giant cockroach.
You barely miss the giant cockroach.
The giant cockroach closely misses you. x2
You closely miss the giant cockroach. The giant cockroach misses you.
You hit the giant cockroach but do no damage.
The giant cockroach bites you. The giant cockroach closely misses you.
You take 1 damage, and have 19/20 hp.
You closely miss the giant cockroach. The giant cockroach closely misses you.
You hit the giant cockroach.
You kill the giant cockroach!
Health restored: 20 No target in view!
No target in view!
Found a stone staircase leading up.
s - a stone
s - 2 stones (gained 1)
s - 22 stones (gained 20)
There is a stone staircase leading up here.
You climb upwards.
You hear the sound of rushing water.
There is an entrance to a sewer on this level.
Hurry and find it before the portal rusts away!
The hobgoblin shouts!
Found 2 potions of haste, a book of Changes and 9 gold pieces.
Found a sacrificial altar of Ru.
Found an escape hatch in the ceiling.
There is a stone staircase leading down here.
Found an escape hatch in the floor.
You hit the hobgoblin. The hobgoblin barely misses you.
You hit the hobgoblin but do no damage. The hobgoblin completely misses you.
You barely miss the hobgoblin.
The rat twitches its whiskers.
The rat barely misses you.
The hobgoblin hits you but does no damage.
You hit the hobgoblin but do no damage. The rat bites you but does no damage.
The hobgoblin hits you but does no damage.
The hobgoblin closely misses you. The rat bites you.
You take 1 damage, and have 19/20 hp.
You hit the hobgoblin.
You kill the hobgoblin!
The rat bites you but does no damage.
You barely miss the rat. The rat bites you.
You take 3 damage, and have 16/20 hp.
You hit the rat.
You kill the rat!
No target in view!
No target in view!
H - 3 potions of haste (gained 2)
You pick up a book of Changes and begin reading...
You add the spells Beastly Appendage, Wereblood and Spider Form to your library.
You now have 9 gold pieces.
There is a sacrificial altar of Ru here.
You now have 26 gold pieces (gained 17). 2 river rats come into view.
You enter the shallow water.
Moving in this stuff is going to be slow.
You hit the river rat. The river rat bites you.
The river rat barely misses you.
You take 2 damage, and have 16/20 hp.
You completely miss the river rat.
The river rat bites you but does no damage.
The river rat barely misses you.
You hit the river rat. The river rat bites you!
You take 7 damage, and have 9/20 hp.
MASSIVE DAMAGE!!
You closely miss the river rat. The river rat closely misses you.
You hit the river rat.
You kill the river rat!
Your Fighting skill increases to level 4!
You have reached level 3!
Your experience leads to an increase in your attributes!
Increase (s)trength, (i)ntelligence, or (d)exterity?
You feel clever. x2
You regained 2 hp, and now have 11/24 hp.
MP restored: 3 You sock the river rat!
The river rat bites you.
* * * LOW HITPOINT WARNING * * *
The river rat bites you.
* * * LOW HITPOINT WARNING * * *
You take 6 damage, and have 5/24 hp.
MASSIVE DAMAGE!!
You feel yourself speed up.
The river rat bites you but does no damage.
You hit the river rat but do no damage. You hit the river rat but do no damage.
The river rat bites you!
You die...

≈≈≈ #≈# #≈# #≈#
##≈## #≈≈≈# #≈≈≈#
#r# ###
#.##@####.###
#...........#
#...#######..#
#.#. #..##### # #
#._#...##
#.......##
##........#
###.........#
##.##...#.......#


You could see a river rat.

Vanquished Creatures
  An adder (D:4)
  A river rat (D:3)
  A giant cockroach (D:4)
  A goblin (D:4)
  A hobgoblin (D:3)
  A kobold (D:4)
  A rat (D:3)
7 creatures vanquished.

Notes
Turn   | Place    | Note
-------+----------+-------------------------------------------
     0 | D:5      | sokol815 the Gargoyle Delver began the quest for the Orb.
     0 | D:5      | Reached XP level 1. HP: 14/14 MP: 1/1
    24 | D:5      | Found a radiant altar of Vehumet.
    32 | D:5      | Noticed a steam dragon
    38 | D:4      | Reached XP level 2. HP: 19/20 MP: 2/2
   332 | D:3      | Found a sacrificial altar of Ru.
   368 | D:3      | Reached skill level 4 in Fighting
   368 | D:3      | Reached XP level 3. HP: 11/24 MP: 3/3
   368 | D:3      | HP: 5/24 [river rat (2)]
   371 | D:3      | Slain by a river rat

Illustrated notes

Levels and vault maps discovered:
D:3:      layout_rooms, okawaru_trees_1, overflow_temple_1_default,
          gup_sewer_entry_bubbles, dreamdust_mushroom_princess,
          serial_park_tiny_2, grunt_ministairs_7
D:4:      layout_basic, lemuel_zombie_altar_kikubaaqudgha,
          minmay_temple_entry_nine_rooms, lemuel_old_faithful, uniq_grinder,
          uniq_robin
D:5:      layout_loops_ring, nicolae_vehumet_altar_sigil, serial_shops,
          nicolae_shop_waterfront, uniq_edmund

Skill      XL: |  1  2 |
---------------+-------+-----
Fighting       | 4 |  4.1
Maces & Flails | |  2.5
Dodging        | |  1.5
Stealth        | |  5.4

Action                   || total
-------------------------++-------
Melee: Mace              ||    32
       Punch             ||     1
Throw: Stone             ||     2
  Use: Potion            ||     1
 Stab: Sleeping          ||     1
Armor: Leather armour    ||     8
Dodge: Dodged            ||    20

Table legend: (Time is in decaauts)
 A = Elapsed time spent in this place.
 B = Non-inter-level travel time spent in this place.
 C = Inter-level travel time spent in this place.
 D = Time resting spent in this place.
 E = Time spent auto-exploring this place.
 F = Levels seen in this place.
 G = Mean time per level.
                   A        B        C        D        E       F      G
               +--------+--------+--------+--------+--------+-----+--------+
         Total |    379 |    379 |      0 |    220 |     33 |   3 |  126.3 |
       Dungeon |    379 |    379 |      0 |    220 |     33 |   3 |  126.3 |
               +--------+--------+--------+--------+--------+-----+--------+

Top non-repeatable levels by time:
     D:4: 302 daAuts
     D:3: 42 daAuts
     D:5: 35 daAuts

Table legend:
 A = Kills in this place as a percentage of kills in entire the game.
 B = Kills by you in this place as a percentage of kills by you in the entire game.
 C = Kills by friends in this place as a percentage of kills by friends in the entire game.
 D = Other kills in this place as a percentage of other kills in the entire game.
 E = Experience gained in this place as a percentage of experience gained in the entire game.
 F = Experience gained in this place divided by the number of levels of this place that you have seen.
                   A       B       C       D       E      F
               +-------+-------+-------+-------+-------+----------------------
         Total | 100.0 | 100.0 |   N/A |   N/A | 100.0 |  11.7
       Dungeon | 100.0 | 100.0 |   N/A |   N/A | 100.0 |  11.7
               +-------+-------+-------+-------+-------+----------------------
